 Dungeon Crawl Stone Soup version 0.18.1-50-g88ac8fd (webtiles) character file.

163 lorenzova the Sneak (level 5, -2/24 HPs)
             Began as a Spriggan Enchanter on Oct 7, 2016.
             Slain by a gnoll
             ... wielding a +2 antimagic halberd
              (10 damage)
             ... on level 3 of the Dungeon.
             The game lasted 00:05:58 (2782 turns).

lorenzova the Sneak (Spriggan Enchanter)            Turns: 2782, Time: 00:05:58

Health: -2/24      AC:  3    Str:  5    XL:     5   Next: 20%
Magic:  3/12       EV: 18    Int: 17    God:
Gold:   170        SH:  0    Dex: 16    Spells: 1 memorised, 10 levels left

rFire  . . .     SeeInvis +     a - +1 dagger
rCold  . . .     Gourm    .     b - +1 robe
rNeg   . . .     Faith    .     (shield restricted)
rPois  .         Spirit   .     (helmet restricted)
rElec  .         Dismiss  .     (no cloak)
rCorr  .         Reflect  .     (gloves unavailable)
SustAt .         Harm     .     (boots unavailable)
MR     .....                    (no amulet)
Stlth  ++++......               (no ring)
                                m - ring of stealth

@: very slightly contaminated, very quick, not resistant to hostile
enchantments, stealthy
A: unfitting armour, see invisible, herbivore 3, speed 3, slow metabolism 2
a: no special abilities


You were on level 3 of the Dungeon.
You were very hungry.

You visited 1 branch of the dungeon, and saw 3 of its levels.

You collected 170 gold pieces.

Inventory:

Hand Weapons
 a - a +1 dagger (weapon)
Armour
 b - a +1 robe (worn)
Jewellery
 m - a ring of stealth (left hand)
 o - a +3 ring of slaying {unknown}
 q - an uncursed amulet of regeneration {unknown}
Wands
 r - a wand of random effects (13/48)
Scrolls
 g - a scroll of enchant weapon {unknown}
 i - a scroll of noise {unknown}
 k - 3 scrolls of teleportation {unknown}
 p - a scroll of fear {unknown}
Potions
 e - a potion of cure mutation {unknown}
 h - 2 potions of mutation {unknown}
 j - a potion of haste {unknown}
 l - a potion of heal wounds {unknown}
 n - 2 potions of curing
 s - a potion of agility {unknown}
Books
 c - a book of Maledictions

   Spells                             Type                      Level
   a - Corona                         Hexes                        1
   b - Ensorcelled Hibernation        Hexes/Ice                    2
   c - Confuse                        Hexes                        3
   d - Tukima's Dance                 Hexes                        3
   e - Dazzling Spray                 Conjuration/Hexes            3
Comestibles
 d - 2 bread rations
 f - 2 fruits


   Skills:
 - Level 1.1 Short Blades
 - Level 3.0 Dodging
 + Level 5.6 Stealth
 * Level 4.3 Spellcasting
 * Level 5.6 Hexes


You had 10 spell levels left.
You knew the following spells:

 Your Spells              Type           Power        Failure   Level  Hunger
b - Ensorcelled Hibernat  Hex/Ice        ##....       10%         2    ##.....


Dungeon Overview and Level Annotations

Branches:
Dungeon (3/15)

Altars:


Innate Abilities, Weirdness & Mutations

You are tiny and cannot use many weapons and most armour.
You have supernaturally acute eyesight.
You are a herbivore.
You cover ground extremely quickly.
You need consume almost no food.


Message History

The gnoll hits you with an antimagic halberd!
You feel your power leaking away.
Casting: Ensorcelled Hibernation
Confirm with . or Enter, or press ? or * to list all spells.
You don't have enough magic to cast that spell.
A gnoll is nearby!
Casting: Ensorcelled Hibernation
Confirm with . or Enter, or press ? or * to list all spells.
You don't have enough magic to cast that spell.
A gnoll is nearby!
The gnoll hits you from afar with an antimagic halberd!
* * * LOW HITPOINT WARNING * * *
You are feeling very hungry.
Things that are here:
a halberd of protection; a gnoll corpse You see here an enchanted spear.
You start resting.
A gnoll is nearby!
The gnoll hits you from afar with an antimagic halberd!
You die...

#........ #.######. ##########.#
#. #...<......# #. #.#########
#.########## #. #.........## #.#
## ########...## #.# ####
###.###.###.# ..# #..## ##.##@#
#.# #..# #....# ##.###..##
##..g############
...(.†...###.##....).......#
............##############)# ###
##.####.##### #.# #.) #.# #.#
#######.####.# #.# #.#
######.........##.#
##.####.#######...##.#####.#.##.#


You could see a gnoll.

Vanquished Creatures
  Terence (D:3)
  3 gnolls (D:3)
  3 adders (D:3)
  An ooze (D:1)
  2 worms (D:2)
  5 dart slugs
  3 giant geckos
  An orc (D:3)
  3 giant cockroaches
  10 goblins
  7 hobgoblins
  2 jackals (D:1)
  A ball python (D:2)
  5 bats
  3 giant newts
  3 kobolds
  6 rats
59 creatures vanquished.

Notes
Turn   | Place    | Note
--------------------------------------------------------------
     0 | D:1      | lorenzova the Spriggan Enchanter began the quest for the Orb.
     0 | D:1      | Reached XP level 1. HP: 9/9 MP: 5/5
   432 | D:1      | Reached XP level 2. HP: 7/13 MP: 4/6
   478 | D:1      | Learned a level 2 spell: Ensorcelled Hibernation
  1033 | D:1      | Reached skill level 5 in Stealth
  1035 | D:1      | Reached XP level 3. HP: 15/16 MP: 5/8
  1561 | D:2      | Found a faded altar to an unknown god.
  1762 | D:2      | Reached skill level 5 in Hexes
  2082 | D:3      | Reached XP level 4. HP: 18/21 MP: 10/10
  2170 | D:3      | Noticed Terence
  2176 | D:3      | Killed Terence
  2544 | D:3      | Reached XP level 5. HP: 13/24 MP: 0/12
  2782 | D:3      | Slain by a gnoll

Skill      XL: |  1  2  3  4 |
---------------+-------------+-----
Hexes          | 4 5 |  5.6
Spellcasting   | 3 4 |  4.3
Stealth        | 5 |  5.6
Short Blades   | |  1.1
Dodging        | |  3.0

Action                   |  1- 3 |  4- 6 || total
-------------------------+-------+-------++-------
Melee: Dagger            |   159 |    57 ||   216
 Cast: Corona            |    10 |       ||    10
       Ensorcelled Hiber |     9 |    15 ||    24
  Use: Scroll            |     4 |       ||     4
 Stab: Sleeping          |    17 |     9 ||    26
Armor: Robe              |    19 |     4 ||    23
Dodge: Dodged            |   147 |    41 ||   188
